 Dungeon Crawl Stone Soup version 0.30-a0-347-gf58ed52 (webtiles) character file.

Game seed: 6754032600878650155

60 Dorkslayer the Sneak (level 4, -1/29 HPs)
             Began as an Octopode Brigand on Nov 5, 2022.
             Slain by Terence
             ... wielding a +0 morningstar
              (8 damage)
             ... on level 2 of the Dungeon.
             The game lasted 00:05:10 (1129 turns).

Dorkslayer the Sneak (Octopode Brigand)             Turns: 1129, Time: 00:05:10

Health: -1/29      AC:  1    Str:  8 (9)  XL:     4   Next: 6%
Magic:  4/4        EV: 12    Int: 14 (17) God:
Gold:   95         SH:  0    Dex: 13 (14) Spells: 3/3 levels left

rFire   . . .      SeeInvis .    a - +2 dagger
rCold   . . .      Faith    .    (no shield)
rNeg    . . .      Spirit   .    (helmet restricted)
rPois   .          Reflect  .    h - amulet of regeneration
rElec   .          Harm     .    (no ring)
rCorr   .          Rampage  .    (no ring)
Will    .....      Rage     3%   (no ring)
Stlth   ++++......               (no ring)
HPRegen 1.04/turn                (no ring)
MPRegen 0.09/turn                (no ring)
                                 (no ring)
                                 (no ring)

@: no status effects
A: almost no armour, amphibious, 8 rings, camouflage 1, gelatinous body 1,
(nimble swimmer 1), tentacles, beak, berserk 1, clever 1
a: no special abilities


You were on level 2 of the Dungeon.
You visited 1 branch of the dungeon, and saw 2 of its levels.

You collected 95 gold pieces.

Inventory:

Hand Weapons
 a - a +2 dagger (weapon)
Missiles
 b - 9 poisoned darts (quivered)
 c - 3 curare-tipped darts
Jewellery
 h - an amulet of regeneration (around mantle)
Scrolls
 d - a scroll of summoning {unknown}
 e - 2 scrolls of identify {unknown}
 f - a scroll of magic mapping {unknown}
 i - a scroll of teleportation {unknown}
 k - a scroll of fear {unknown}
Potions
 j - a potion of ambrosia


   Skills:
 + Level 2.3 Fighting
 + Level 3.0 Short Blades
 + Level 2.1 Throwing
 + Level 1.0 Dodging
 + Level 6.4 Stealth


You had 3 spell levels left.
You didn't know any spells.
Your spell library contained the following spells:

 Spells                   Type           Power      Damage    Failure   Level
 Cause Fear               Hex            0%         N/A       96%         4
 Dragon Form              Tmut           0%         N/A       100%        7
 Dragon's Call            Summ           0%         N/A       100%        9


Dungeon Overview and Level Annotations

Branches:
Dungeon (2/15)

Altars:

Annotations:
D:2 Terence


Innate Abilities, Weirdness & Mutations

You cannot wear most types of armour.
You are amphibious.
You can wear up to eight rings at the same time.
Your skin changes colour to match your surroundings (Stealth+).
Your rubbery body absorbs attacks. (AC +1, EV +1)
((You are camouflaged when in or above water. (Stealth+)))
You have tentacles for arms and can constrict up to eight enemies at once.
You have a beak for a mouth.
You sometimes lose your temper in combat.
Your mind is acute. (Int +4, Str/Dex -1)


Message History

You constrict the adder.
You kill the adder!
You feel sick. The bat hits you.
Your Short Blades skill increases to level 3!
You have reached level 4!
You feel sick.
You barely miss the bat. You grab the bat. You squeeze the bat.
You kill the bat!
You feel sick.
You feel sick.
You feel sick.
You feel sick.
You feel sick.
You feel sick.
You are no longer poisoned.
Terence the Incautious comes into view.
He is wielding a +0 morningstar.
Terence shouts!
Terence drinks a potion.
Terence flickers and vanishes!
Deactivating autopickup; reactivate with Ctrl-A.
You hit something but do no damage. Something hits you!
Ouch! That really hurt!
You hit something. Your squeeze misses something. Something hits you.
You hit something but do no damage. You tentacle-slap something.
Your squeeze misses something. Something barely misses you.
It was a potion of ambrosia.
You are confused.
You feel invigorated. Something hits you!
It was a potion of mutation.
You feel extremely strange.
You feel clever.
You feel a little pissed off.
Your mouth lengthens and hardens into a beak!
Something barely misses you.
It was a potion of degeneration.
There was something very wrong with that liquid.
You feel weakened.
You feel dopey.
You feel clumsy.
You feel less invigorated.
You feel less confused. Something hits you!
* * * LOW HITPOINT WARNING * * *
It was a potion of cancellation.
You feel magically purged. Something hits you!
You die...

## #.......# #.#
.# #.......# #.#
.# ##...######.#
#..........#
#...########
###.####.#######
......<........#
#.###.##.#####.#
#.# #.##.# #@#
#.# #.##.# #{#
###.# #.##.# #.#
....###<##.# #.#
...........# #.#
#######.##.# #.#
# #.# # #.# #.#
#.# #.#


There were no monsters in sight!

Vanquished Creatures
  2 adders (D:2)
  A worm (D:2)
  2 dart slugs (D:2)
  2 endoplasms
  A giant cockroach (D:2)
  2 hobgoblins
  3 jackals (D:2)
  3 ball pythons (D:2)
  7 bats
  A frilled lizard (D:2)
  6 goblins
  2 kobolds
  3 rats (D:2)
35 creatures vanquished.

Vanquished Creatures (others)
  3 fungi (D:1)
  3 plants (D:1)
6 creatures vanquished.

Grand Total: 41 creatures vanquished

Notes
Turn   | Place    | Note
-------+----------+-------------------------------------------
     0 | D:1      | Dorkslayer the Octopode Brigand began the quest for the
                  | Orb.
     0 | D:1      | Reached XP level 1. HP: 14/14 MP: 1/1
   133 | D:1      | Found a faded altar of an unknown god.
   524 | D:1      | You fall into a shaft and drop 1 floor!
   541 | D:2      | Reached XP level 2. HP: 19/19 MP: 2/2
   561 | D:2      | Reached skill level 6 in Stealth
   594 | D:2      | Reached XP level 3. HP: 21/24 MP: 3/3
  1083 | D:2      | Reached XP level 4. HP: 17/29 MP: 4/4
  1120 | D:2      | Noticed Terence
  1127 | D:2      | Gained mutation: Your mind is acute. (Int +4, Str/Dex -1)
                  | [potion of mutation]
  1127 | D:2      | Gained mutation: You sometimes lose your temper in combat.
                  | [potion of mutation]
  1127 | D:2      | Gained mutation: You have a beak for a mouth. [potion of
                  | mutation]
  1129 | D:2      | Slain by Terence

Illustrated notes

Levels and vault maps discovered:
D:1:      dpeg_arrival_erosion, layout_basic, dreamdust_ecumenical_altar_grove
D:2:      layout_loops_ring, minmay_diced_spiral, uniq_terence

Skill      XL: |  1  2  3 |
---------------+----------+-----
Stealth        | 6 |  6.4
Short Blades   | 3 |  3.0
Fighting       | |  2.3
Throwing       | |  2.1
Dodging        | |  1.0

Action                   |  1- 3 |  4- 6 || total
-------------------------+-------+-------++-------
Melee: Dagger            |    59 |     4 ||    63
       Constrict         |    14 |     1 ||    15
       Tentacles         |    13 |     1 ||    14
       Punch             |     1 |     1 ||     2
  Use: Potion            |       |     4 ||     4
 Stab: Sleeping          |    10 |       ||    10
Armor: Skin              |    10 |       ||    10
Dodge: Dodged            |    34 |     2 ||    36

Table legend: (Time is in decaauts)
 A = Elapsed time spent in this place.
 B = Non-inter-level travel time spent in this place.
 C = Inter-level travel time spent in this place.
 D = Time resting spent in this place.
 E = Time spent auto-exploring this place.
 F = Levels seen in this place.
 G = Mean time per level.
                   A        B        C        D        E       F      G
               +--------+--------+--------+--------+--------+-----+--------+
         Total |   1121 |   1121 |      0 |      0 |    634 |   2 |  560.5 |
       Dungeon |   1121 |   1121 |      0 |      0 |    634 |   2 |  560.5 |
               +--------+--------+--------+--------+--------+-----+--------+

Top non-repeatable levels by time:
     D:1: 575 daAuts
     D:2: 546 daAuts
